 Dungeon Crawl Stone Soup version 0.31-a0-841-g038b102fc3 (webtiles) character file.

Game seed: 3805778556008947279

1513 Kurtz the Cleaver (level 8, -1/54 HPs)
             Began as an Octopode Fighter on Sept 27, 2023.
             Was a Follower of Qazlal.
             Slain by a water moccasin (8 damage)
             ... on level 7 of the Dungeon.
             The game lasted 00:07:25 (5935 turns).

Kurtz the Cleaver (Octopode Fighter)                Turns: 5935, Time: 00:07:26

Health: -1/54      AC:  1    Str: 23    XL:     8   Next: 83%
Magic:  10/10      EV: 14    Int: 10    God:    Qazlal [*.....]
Gold:   18         SH:  0    Dex: 12    Spells: 7/7 levels left

rFire   + . .        a - +0 war axe
rCold   + . .        b - +0 buckler
rNeg    . . .        (helmet restricted)
rPois   .            u - amulet of regeneration
rElec   .            s - ring of resist corrosion
rCorr   +            w - ring of protection from cold
SInv    .            y - ring of protection from fire
Will    .....        E - +6 ring of strength
Stlth   ++           (no ring)
HPRegen 1.09/turn    (no ring)
MPRegen 0.12/turn    (no ring)
                     (no ring)

%: no passive effects
@: confused, lethally poisoned (-1 -> -1), ambrosia-drunk
A: almost no armour, amphibious, 8 rings, camouflage 1, gelatinous body 1,
(nimble swimmer 1), tentacles
a: Renounce Religion


You were on level 7 of the Dungeon.
You worshipped Qazlal.
Qazlal was aware of your devotion.
You visited 1 branch of the dungeon, and saw 7 of its levels.

You collected 414 gold pieces.
You spent 396 gold pieces at shops.

Inventory:

Hand Weapons
 a - a +0 war axe (weapon)
Missiles
 x - 7 poisoned darts
Armour
 b - a +0 buckler (worn)
Jewellery
 s - a ring of resist corrosion (left tentacle)
 u - an amulet of regeneration (around mantle)
 w - a ring of protection from cold (right tentacle)
 y - a ring of protection from fire (on tentacle)
 E - a +6 ring of strength (on tentacle)
 G - a ring of ice
Wands
 B - a wand of flame (18) (quivered)
Scrolls
 d - a scroll of brand weapon {unknown}
 g - 2 scrolls of enchant weapon {unknown}
 h - 2 scrolls of poison {unknown}
 j - 2 scrolls of amnesia {unknown}
 l - 3 scrolls of teleportation {unknown}
 o - 3 scrolls of fear {unknown}
 p - 6 scrolls of identify {unknown}
 q - a scroll of blinking {unknown}
 r - 2 scrolls of fog {unknown}
 v - 2 scrolls of immolation {unknown}
 C - a scroll of revelation {unknown}
 F - a scroll of vulnerability {unknown}
Potions
 c - a potion of might
 e - a potion of resistance {unknown}
 f - a potion of berserk rage {unknown}
 i - 2 potions of enlightenment
 k - 2 potions of mutation {unknown}
 m - a potion of degeneration {unknown}
 n - a potion of haste {unknown}
 t - a potion of heal wounds {unknown}
 z - a potion of magic {unknown}
 A - a potion of ambrosia
 D - a potion of brilliance {unknown}


   Skills:
 * Level 4.2 Fighting
 - Level 8.0 Axes
 * Level 4.2 Dodging
 - Level 5.3 Stealth
 - Level 4.6 Shields
 - Level 2.7 Invocations


You had 7 spell levels left.
You didn't know any spells.
Your spell library contained the following spells:

 Spells                   Type           Power      Damage    Failure   Level
 Magic Dart               Conj           0%         1d3       41%         1
 Slow                     Hex            0%         N/A       41%         1
 Blink                    Tloc           0%         N/A       56%         2
 Call Imp                 Summ           0%         N/A       56%         2
 Lesser Beckoning         Tloc           0%         N/A       56%         2
 Momentum Strike          Conj/Tloc      0%         3d8       56%         2
 Confusing Touch          Hex            0%         N/A       80%         3
 Mephitic Cloud           Conj/Pois/Air  0%         N/A       80%         3
 Sigil of Binding         Hex            0%         N/A       80%         3
 Vampiric Draining        Necr           0%         2d6       80%         3
 Manifold Assault         Tloc           0%         N/A       99%         4
 Dispersal                Tloc           0%         N/A       100%        6
 Disjunction              Tloc           0%         N/A       100%        8


Dungeon Overview and Level Annotations

Branches:
Dungeon (7/15)
 Temple: D:4-7

Altars:
Qazlal

Shops:
D:7 =

Annotations:
D:4 exclusions: black bear and downstairs
D:6 Jeremiah


Innate Abilities, Weirdness & Mutations

You cannot wear most types of armour.
You are amphibious.
You can wear up to eight rings at the same time.
Your skin changes colour to match your surroundings (Stealth+).
Your rubbery body absorbs attacks. (AC +1, EV +1)
((You are camouflaged when in or above water. (Stealth+)))
You have tentacles for arms and can constrict up to eight enemies at once.


Message History

Something hits you.
Things that are here:
a +0 flail; a +0 leather armour The water moccasin misses you.
Something hits you.
You hear some strange, mumbled words.
Something tries to affect you, but you resist.
You bump into the rock wall.
The water moccasin is engulfed in freezing vapours.
The water moccasin seems to slow down.
The water moccasin bites you.
You are poisoned.
The water moccasin poisons you!
You closely miss the water moccasin.
The water moccasin is moderately wounded.
You feel very sick.
The water moccasin is engulfed in freezing vapours.
The water moccasin seems to slow down.
The water moccasin bites you.
You closely miss the water moccasin.
The water moccasin is almost dead.
You miss something. You hit the iguana but do no damage.
You feel very sick. The water moccasin misses you.
The iguana closely misses you. Something hits you.
Unknown command.
You feel sick.
You hear some strange, mumbled words.
A puff of flame appears from out of thin air!
The puff of flame hits you. You resist.
Unknown command.
You feel sick. The water moccasin misses you.
You hear some strange, mumbled words.
A magic dart appears from out of thin air!
The magic dart hits you!
It was a potion of ambrosia.
You are more confused.
You feel invigorated.
You feel sick. The iguana bites you!
* * * LOW HITPOINT WARNING * * *
Something hits you.
* * * LOW HITPOINT WARNING * * *
The water moccasin bites you!
You die...

......... ...........
..........#...#<..
..........+......
..........#.....#
.........# .....####
......##.###.#.....####
........S@....#.##....####
......)){l....+...........
......).......#...........
......######..............
...... ####...........
#.#### #........... #
#....###.... #....# #....
#....# #....


You could see a water moccasin (slow) and an iguana.

Vanquished Creatures
  A water moccasin (D:6)
  4 ogres
  2 bullfrogs
  A scorpion (D:4)
  A jelly (D:6)
  2 orc priests (D:5)
  Crazy Yiuf (D:3)
  3 hounds
  3 sleepcaps
  6 iguanas
  6 orc wizards
  6 gnolls
  11 adders
  2 shadow imps
  An ufetubus (D:6)
  2 dart slugs (D:3)
  16 orcs
  3 bats
  6 endoplasms
  7 giant cockroaches
  7 goblins
  3 hobgoblins
  3 jackals
  4 kobolds
  3 quokkas
  4 ball pythons
  2 frilled lizards
  8 rats
118 creatures vanquished.

Notes
Turn   | Place    | Note
-------+----------+-------------------------------------------
     0 | D:1      | Kurtz the Octopode Fighter began the quest for the Orb.
     0 | D:1      | Reached XP level 1. HP: 16/16 MP: 1/1
   422 | D:1      | Reached XP level 2. HP: 17/21 MP: 2/2
   704 | D:1      | Found a faded altar of an unknown god.
  1024 | D:2      | Reached skill level 1 in Stealth
  1030 | D:2      | Reached XP level 3. HP: 25/26 MP: 3/3
  1136 | D:2      | Reached skill level 3 in Axes
  1529 | D:2      | Reached XP level 4. HP: 30/31 MP: 4/4
  2371 | D:3      | Reached skill level 4 in Axes
  2640 | D:3      | Found a runed translucent door.
  2641 | D:3      | Noticed Crazy Yiuf
  3081 | D:4      | Reached XP level 5. HP: 15/36 MP: 5/5
  3202 | D:4      | Noticed a black bear
  3501 | D:4      | Found a stormy altar of Qazlal.
  3522 | D:4      | Became a worshipper of Qazlal Stormbringer
  3787 | D:5      | Entered Level 5 of the Dungeon
  3793 | D:5      | Reached skill level 5 in Axes
  3793 | D:5      | Reached XP level 6. HP: 32/42 MP: 6/6
  3941 | D:3      | Killed Crazy Yiuf
  4166 | D:4      | Reached skill level 1 in Invocations
  4278 | D:4      | Reached XP level 7. HP: 21/46 MP: 7/7
  4350 | D:6      | Reached skill level 6 in Axes
  4586 | D:5      | Reached skill level 7 in Axes
  4605 | D:5      | Reached * piety under Qazlal
  4610 | D:5      | Reached XP level 8. HP: 20/52 MP: 9/9
  5016 | D:6      | Reached skill level 5 in Stealth
  5127 | D:6      | HP: 1/52 [ogre/+0 giant spiked club (19)]
  5279 | D:6      | Noticed Jeremiah
  5397 | D:6      | Reached skill level 8 in Axes
  5721 | D:7      | Found Wesuar's Jewellery Emporium.
  5727 | D:7      | Bought a +6 ring of strength for 396 gold pieces
  5935 | D:7      | Slain by a water moccasin

Illustrated notes

Levels and vault maps discovered:
D:1:      minmay_arrival_four_houses, layout_basic, serial_glass,
          glass_columns_a, glass_columns_a, item_on_display_a,
          due_unseen_surprise, minmay_strange_pillars,
          ebering_ecumenical_altar_sacrificial
D:2:      layout_loops_corners, minmay_pentomino_s4
D:3:      layout_basic, uniq_crazy_yiuf_cottage
D:4:      layout_loops_ring, kennysheep_mini,
          mainiacjoe_overflow_concentric_impassable
D:5:      layout_cave_pools, hex_tiny, chequers_serial_rivers_room_b,
          minmay_gold_behind_fungi, nicolae_underground_beach
D:6:      layout_rooms, uniq_jeremiah
D:7:      layout_basic, temple_statues, serial_shops, shop

Skill      XL: |  1  2  3  4  5  6  7  8 |
---------------+-------------------------+-----
Stealth        | 1 2 3 4 5 |  5.3
Axes           | 3 4 5 7 8 |  8.0
Shields        | 4 |  4.6
Invocations    | 1 2 |  2.7
Dodging        | 4 |  4.2
Fighting       | 4 |  4.2

Action                     |  1- 3 |  4- 6 |  7- 9 || total
---------------------------+-------+-------+-------++-------
  Melee: War axe           |    58 |    81 |   124 ||   263
         Constrict         |    15 |    21 |    31 ||    67
         Tentacles         |    11 |    21 |    33 ||    65
         Punch             |       |     3 |     1 ||     4
  Throw: Dart              |       |       |    15 ||    15
  Evoke: Wand              |       |       |     5 ||     5
    Use: Potion            |       |     2 |     2 ||     4
   Stab: Sleeping          |    10 |     8 |     1 ||    19
         Invisible         |       |     1 |     2 ||     3
 Armour: Skin              |    23 |    41 |    68 ||   132
  Dodge: Dodged            |    30 |    57 |    74 ||   161
  Block: Buckler           |     8 |    12 |    39 ||    59

Table legend: (Time is in decaauts)
 A = Elapsed time spent in this place.
 B = Non-inter-level travel time spent in this place.
 C = Inter-level travel time spent in this place.
 D = Time resting spent in this place.
 E = Time spent auto-exploring this place.
 F = Levels seen in this place.
 G = Mean time per level.
                   A        B        C        D        E       F      G
               +--------+--------+--------+--------+--------+-----+--------+
         Total |   6017 |   5486 |    531 |    730 |   3723 |   7 |  859.6 |
       Dungeon |   6017 |   5486 |    531 |    730 |   3723 |   7 |  859.6 |
               +--------+--------+--------+--------+--------+-----+--------+

Top non-repeatable levels by time:
     D:3: 1289 daAuts
     D:4: 1085 daAuts
     D:2: 1011 daAuts
     D:1: 990 daAuts
     D:5: 708 daAuts
     D:6: 687 daAuts
     D:7: 244 daAuts
